General information
- name: BNet
- type: Ladder team game (AT/RT)
- host: Battle.net
- saver: GREEDlSGOOD
map: DragonFalls
- players: 8
- length: 44:26
- speed: Fast
- version: 1.28 W3XP
- replay type: Public
» download(243 KB)
Players
team 1 (loser)
vinamilk (
red | 50 APM | 2236 actions | 44:25)
6 Archmage
2 Summon Water Elemental
1 Brilliance Aura
2 Blizzard
1 Mass Teleport
5 Blood Mage
3 Flame Strike
2 Banish
4 Pit Lord
2 Rain of Fire
2 Howl of Terror
» actions
| Assign group hotkey | 15 | |
| Basic commands | 63 | |
| Build / train | 135 | |
| Enter build submenu | 29 | |
| Enter hero's abilities submenu | 14 | |
| Give item / drop item | 4 | |
| Right click | 788 | |
| Select / deselect | 519 | |
| Select group hotkey | 517 | |
| Use ability | 152 | |
2236 total
» units
| Peasant | 24 | |
| Footman | 13 | |
| Gryphon Rider | 5 | |
| Dragonhawk Rider | 3 | |
45 total
» upgrades
| Masonry | 1 | |
| Lumber Harvesting | 1 | |
| Swords | 3 | |
| Storm Hammers | 1 | |
| Armor | 3 | |
| Animal War Training | 1 | |
| Cloud | 1 | |
11 total
» buildings
| Farm | 13 | |
| Altar of Kings | 2 | |
| Barracks | 1 | |
| Arcane Vault | 1 | |
| Lumber Mill | 1 | |
| Town Hall | 3 | |
| Keep | 1 | |
| Scout Tower | 16 | |
| Guard Tower | 7 | |
| Blacksmith | 1 | |
| Arcane Tower | 2 | |
| Castle | 3 | |
| Gryphon Aviary | 4 | |
55 total
» build order
00:27 Farm
00:29 Farm
00:30 Farm
01:12 Altar of Kings
01:18 Farm
01:37 Barracks
02:40 Arcane Vault
04:35 Lumber Mill
05:26 Town Hall
05:30 Town Hall
05:41 Keep
05:46 Scout Tower
05:47 Scout Tower
06:02 Scout Tower
06:03 Scout Tower
06:53 Guard Tower
07:31 Blacksmith
07:33 Farm
07:34 Farm
08:00 Arcane Tower
08:01 Arcane Tower
08:05 Castle
08:05 Castle
08:12 Gryphon Aviary
08:16 Gryphon Aviary
09:37 Gryphon Aviary
09:39 Gryphon Aviary
10:45 Farm
10:46 Farm
11:05 Farm
11:05 Farm
12:43 Farm
12:44 Farm
12:46 Farm
14:16 Scout Tower
14:17 Scout Tower
14:18 Scout Tower
14:19 Scout Tower
16:41 Guard Tower
21:37 Town Hall
24:13 Scout Tower
24:14 Scout Tower
24:26 Scout Tower
24:27 Scout Tower
24:27 Scout Tower
24:28 Scout Tower
24:29 Scout Tower
24:29 Scout Tower
24:43 Guard Tower
24:44 Guard Tower
25:43 Guard Tower
25:43 Guard Tower
25:43 Guard Tower
25:48 Altar of Kings
» items
| Scroll of Regeneration | 10 | |
| Lesser Clarity Potion | 6 | |
| Potion of Invisibility | 1 | |
| Circlet of Nobility | 1 | |
| Staff of Teleportation | 1 | |
| Potion of Healing | 2 | |
| Potion of Mana | 1 | |
| Scroll of Town Portal | 2 | |
24 total
IDEASMAN (
blue | 55 APM | 2436 actions | 44:25)
6 Blademaster
3 Wind Walk
2 Critical Strike
1 Bladestorm
» actions
| Assign group hotkey | 55 | |
| Basic commands | 347 | |
| Build / train | 85 | |
| Enter build submenu | 60 | |
| Enter hero's abilities submenu | 6 | |
| Give item / drop item | 8 | |
| Remove unit from queue | 3 | |
| Right click | 750 | |
| Select / deselect | 493 | |
| Select group hotkey | 450 | |
| Use ability | 179 | |
2436 total
» units
| Peon | 11 | |
| Grunt | 6 | |
| Goblin Shredder | 2 | |
| Goblin Zeppelin | 4 | |
| Green Dragon | 3 | |
| Troll Batrider | 3 | |
| Goblin Sapper | 12 | |
| Wind Rider | 3 | |
44 total
» upgrades
| Reinforced Defenses | 1 | |
| Ranged Weapons | 3 | |
| Armor | 3 | |
| Troll Regeneration | 1 | |
| Envenomed Spears | 1 | |
9 total
» buildings
| Orc Burrow | 8 | |
| Altar of Storms | 1 | |
| Barracks | 1 | |
| Voodoo Lounge | 2 | |
| War Mill | 2 | |
| Stronghold | 1 | |
| Great Hall | 3 | |
| Watch Tower | 53 | |
| Fortress | 1 | |
| Beastiary | 4 | |
76 total
» build order
00:12 Orc Burrow
00:57 Altar of Storms
00:58 Barracks
01:13 Orc Burrow
01:18 Orc Burrow
01:51 Voodoo Lounge
02:44 War Mill
04:33 Stronghold
04:35 Great Hall
04:54 Watch Tower
04:54 Watch Tower
05:10 Watch Tower
05:31 Watch Tower
08:08 Fortress
09:00 Watch Tower
09:01 Watch Tower
09:02 Watch Tower
12:01 Orc Burrow
12:28 Watch Tower
12:29 Watch Tower
12:30 Watch Tower
13:56 Watch Tower
14:00 Great Hall
14:04 Watch Tower
14:04 Watch Tower
14:04 Watch Tower
14:08 Watch Tower
14:08 Watch Tower
14:08 Watch Tower
14:11 Watch Tower
14:12 Watch Tower
14:13 Watch Tower
14:19 Watch Tower
14:19 Watch Tower
14:21 Watch Tower
14:41 Beastiary
14:42 Beastiary
14:46 Beastiary
14:51 Beastiary
14:57 Orc Burrow
15:04 Orc Burrow
17:02 Watch Tower
17:02 Watch Tower
17:02 Watch Tower
17:04 Watch Tower
17:05 Watch Tower
17:07 Watch Tower
17:09 Watch Tower
19:27 War Mill
20:02 Orc Burrow
20:05 Orc Burrow
20:10 Watch Tower
20:11 Watch Tower
20:11 Watch Tower
20:12 Watch Tower
20:13 Watch Tower
20:13 Watch Tower
20:15 Watch Tower
20:15 Watch Tower
20:22 Watch Tower
20:23 Watch Tower
20:23 Watch Tower
20:24 Watch Tower
20:24 Watch Tower
30:18 Great Hall
30:20 Watch Tower
30:20 Watch Tower
30:20 Watch Tower
30:21 Watch Tower
30:21 Watch Tower
30:22 Watch Tower
30:22 Watch Tower
33:05 Voodoo Lounge
» items
| Healing Salve | 7 | |
| Scroll of Town Portal | 5 | |
| Staff of Teleportation | 2 | |
| Lesser Clarity Potion | 1 | |
| Potion of Mana | 1 | |
| Orb of Lightning | 1 | |
| Potion of Healing | 2 | |
| Tiny Great Hall | 1 | |
20 total
Forthewatch (
teal | 37 APM | 1637 actions | 44:25)
5 Archmage
2 Summon Water Elemental
3 Brilliance Aura
4 Paladin
2 Holy Light
1 Divine Shield
1 Devotion Aura
» actions
| Basic commands | 51 | |
| Build / train | 98 | |
| Enter build submenu | 35 | |
| Enter hero's abilities submenu | 9 | |
| Remove unit from queue | 3 | |
| Right click | 790 | |
| Select / deselect | 540 | |
| Use ability | 110 | |
1637 total
» units
| Peasant | 16 | |
| Footman | 11 | |
| Knight | 11 | |
| Siege Engine | 7 | |
45 total
» upgrades
| Masonry | 3 | |
| Defend | 1 | |
| Lumber Harvesting | 2 | |
| Plating | 3 | |
| Swords | 3 | |
| Animal War Training | 1 | |
| Gunpowder | 3 | |
| Barrage | 1 | |
17 total
» buildings
| Altar of Kings | 1 | |
| Farm | 13 | |
| Barracks | 2 | |
| Scout Tower | 10 | |
| Lumber Mill | 2 | |
| Guard Tower | 7 | |
| Arcane Vault | 1 | |
| Keep | 4 | |
| Castle | 1 | |
| Blacksmith | 1 | |
| Town Hall | 2 | |
| Workshop | 2 | |
46 total
» build order
00:09 Altar of Kings
00:14 Farm
00:35 Barracks
00:55 Farm
01:31 Farm
01:54 Scout Tower
02:13 Lumber Mill
02:18 Farm
02:29 Scout Tower
02:34 Scout Tower
02:39 Scout Tower
03:10 Scout Tower
03:28 Guard Tower
03:41 Guard Tower
03:49 Guard Tower
03:49 Guard Tower
04:04 Arcane Vault
04:30 Keep
04:30 Keep
04:31 Keep
05:30 Farm
07:28 Scout Tower
08:09 Barracks
08:11 Castle
08:17 Farm
08:18 Farm
08:45 Guard Tower
09:38 Blacksmith
10:55 Scout Tower
11:35 Guard Tower
12:14 Town Hall
14:01 Scout Tower
14:02 Scout Tower
14:03 Scout Tower
14:56 Workshop
15:01 Workshop
15:33 Guard Tower
18:56 Farm
19:47 Lumber Mill
20:30 Farm
20:46 Farm
21:12 Farm
24:41 Town Hall
39:59 Farm
40:41 Farm
» items
| Scroll of Regeneration | 4 | |
| Lesser Clarity Potion | 3 | |
| Orb of Fire | 1 | |
| Boots of Speed | 1 | |
9 total

»
Dictator (
yellow | 30 APM | 1084 actions | 35:46)
5 Keeper of the Grove
3 Force of Nature
2 Entangling Roots
» actions
| Basic commands | 561 | |
| Build / train | 61 | |
| ESC pressed | 6 | |
| Enter build submenu | 21 | |
| Enter hero's abilities submenu | 5 | |
| Remove unit from queue | 1 | |
| Right click | 4 | |
| Select / deselect | 353 | |
| Use ability | 72 | |
1084 total
» units
| Wisp | 18 | |
| Huntress | 18 | |
| Hippogryph | 4 | |
40 total
» upgrades
| Strength of the Wild | 3 | |
| Reinforced Hides | 3 | |
| Ultravision | 1 | |
| Sentinel | 1 | |
8 total
» buildings
| Moon Well | 7 | |
| Altar of Elders | 1 | |
| Hunter's Hall | 1 | |
| Ancient of War | 1 | |
| Tree of Ages | 1 | |
| Ancient Protector | 1 | |
| Tree of Life | 3 | |
| Tree of Eternity | 1 | |
| Ancient of Wind | 1 | |
17 total
» build order
00:23 Moon Well
00:40 Altar of Elders
01:31 Hunter's Hall
01:54 Moon Well
02:12 Ancient of War
03:02 Moon Well
04:42 Moon Well
05:46 Moon Well
07:57 Moon Well
08:44 Tree of Ages
10:55 Ancient Protector
12:24 Tree of Life
12:38 Tree of Eternity
13:50 Ancient of Wind
16:09 Moon Well
20:37 Tree of Life
22:35 Tree of Life
» items
| Scroll of Regeneration | 3 | |
| Lesser Clarity Potion | 1 | |
| Potion of Healing | 1 | |
5 total
team 2 (winner)

»
asite1563 (
orange | 74 APM | 618 actions | 08:23)
2 Shadow Hunter
1 Serpent Ward
1 Healing Wave
2 Death Knight
1 Death Coil
1 Unholy Aura
» actions
| Assign group hotkey | 22 | |
| Build / train | 42 | |
| Enter build submenu | 19 | |
| Enter hero's abilities submenu | 4 | |
| Right click | 183 | |
| Select / deselect | 154 | |
| Select group hotkey | 159 | |
| Use ability | 35 | |
618 total
» units
| Acolyte | 2 | |
| Peon | 6 | |
| Ghoul | 5 | |
| Grunt | 10 | |
| Crypt Fiend | 10 | |
33 total
» buildings
| Ziggurat | 4 | |
| Crypt | 2 | |
| Altar of Storms | 1 | |
| Orc Burrow | 4 | |
| Altar of Darkness | 1 | |
| Barracks | 2 | |
| Graveyard | 1 | |
| Tomb of Relics | 1 | |
| War Mill | 1 | |
| Halls of the Dead | 1 | |
18 total
» build order
00:13 Ziggurat
00:21 Crypt
00:51 Altar of Storms
00:54 Orc Burrow
01:06 Altar of Darkness
01:13 Barracks
01:29 Ziggurat
02:07 Orc Burrow
02:14 Graveyard
02:24 Barracks
02:34 Crypt
02:44 Orc Burrow
02:54 Tomb of Relics
03:00 Ziggurat
03:53 Orc Burrow
05:21 Ziggurat
05:44 War Mill
08:08 Halls of the Dead
» items

»
red_ey3 (
purple | 39 APM | 963 actions | 24:33)
4 Pit Lord
2 Howl of Terror
2 Cleaving Attack
1 Shadow Hunter
1 Healing Wave
1 Death Knight
1 Unholy Aura
» actions
| Build / train | 87 | |
| Enter build submenu | 25 | |
| Enter hero's abilities submenu | 6 | |
| Give item / drop item | 1 | |
| Remove unit from queue | 4 | |
| Right click | 389 | |
| Select / deselect | 400 | |
| Use ability | 51 | |
963 total
» units
| Acolyte | 7 | |
| Ghoul | 3 | |
| Crypt Fiend | 26 | |
| Grunt | 5 | |
| Frost Wyrm | 6 | |
| Peon | 4 | |
51 total
» upgrades
| Creature Attack | 2 | |
| Web | 2 | |
| Freezing Breath | 1 | |
| Melee Weapons | 2 | |
| Armor | 1 | |
| Creature Carapace | 2 | |
| Berserker Strength | 1 | |
11 total
» buildings
| Altar of Darkness | 1 | |
| Ziggurat | 10 | |
| Crypt | 1 | |
| Graveyard | 1 | |
| Nerubian Tower | 1 | |
| Tomb of Relics | 1 | |
| Halls of the Dead | 3 | |
| Black Citadel | 1 | |
| Sacrificial Pit | 1 | |
| Boneyard | 3 | |
| Stronghold | 1 | |
| Necropolis | 1 | |
| Orc Burrow | 1 | |
| Beastiary | 2 | |
28 total
» build order
00:12 Altar of Darkness
00:15 Ziggurat
01:05 Crypt
01:12 Ziggurat
01:24 Graveyard
01:41 Nerubian Tower
02:05 Tomb of Relics
03:08 Ziggurat
04:26 Ziggurat
05:22 Halls of the Dead
05:22 Halls of the Dead
07:53 Black Citadel
07:56 Sacrificial Pit
10:51 Boneyard
10:53 Boneyard
10:56 Boneyard
11:07 Stronghold
12:42 Ziggurat
13:11 Necropolis
13:41 Ziggurat
13:43 Ziggurat
13:45 Ziggurat
15:06 Orc Burrow
19:06 Ziggurat
19:32 Beastiary
19:40 Beastiary
20:51 Ziggurat
» items
| Rod of Necromancy | 1 | |
| Potion of Healing | 1 | |
| Scroll of Town Portal | 5 | |
7 total
GREEDlSGOOD (
pink | 111 APM | 4919 actions | 44:26)
5 Archmage
3 Summon Water Elemental
2 Brilliance Aura
4 Paladin
2 Holy Light
2 Divine Shield
» actions
| Assign group hotkey | 185 | |
| Basic commands | 261 | |
| Build / train | 232 | |
| ESC pressed | 13 | |
| Enter build submenu | 67 | |
| Enter hero's abilities submenu | 9 | |
| Give item / drop item | 5 | |
| Right click | 1278 | |
| Select / deselect | 938 | |
| Select group hotkey | 1588 | |
| Use ability | 343 | |
4919 total
» units
| Peasant | 26 | |
| Footman | 6 | |
| Rifleman | 14 | |
| Goblin Shredder | 6 | |
| Goblin Zeppelin | 8 | |
| Priest | 8 | |
| Siege Engine | 5 | |
| Knight | 1 | |
| Sorceress | 3 | |
| Spell Breaker | 5 | |
| Mortar Team | 2 | |
84 total
» upgrades
| Masonry | 3 | |
| Gunpowder | 3 | |
| Lumber Harvesting | 1 | |
| Long Rifles | 1 | |
| Plating | 3 | |
| Armor | 4 | |
| Barrage | 1 | |
| Priest Training | 2 | |
| Sorceress Training | 2 | |
| Fragmentation Shards | 1 | |
| Magic Sentry | 1 | |
| Control Magic | 1 | |
| Flare | 1 | |
| Swords | 3 | |
| Animal War Training | 1 | |
| Flak Cannons | 1 | |
| Flying Machine Bombs | 1 | |
30 total
» buildings
| Altar of Kings | 1 | |
| Barracks | 2 | |
| Farm | 11 | |
| Arcane Vault | 1 | |
| Lumber Mill | 1 | |
| Blacksmith | 1 | |
| Town Hall | 6 | |
| Scout Tower | 28 | |
| Arcane Tower | 16 | |
| Keep | 3 | |
| Guard Tower | 55 | |
| Castle | 3 | |
| Arcane Sanctum | 2 | |
| Workshop | 2 | |
132 total
» build order
00:53 Altar of Kings
00:56 Barracks
01:06 Farm
01:09 Farm
01:13 Farm
02:04 Arcane Vault
02:18 Lumber Mill
02:47 Blacksmith
04:04 Farm
04:20 Town Hall
04:47 Scout Tower
05:18 Farm
05:23 Arcane Tower
06:13 Keep
06:13 Keep
06:34 Scout Tower
06:35 Scout Tower
07:28 Guard Tower
08:24 Scout Tower
08:27 Scout Tower
08:46 Guard Tower
08:46 Guard Tower
08:46 Guard Tower
08:49 Scout Tower
08:51 Guard Tower
08:51 Guard Tower
09:30 Guard Tower
09:31 Guard Tower
09:31 Guard Tower
09:32 Scout Tower
10:02 Guard Tower
10:02 Guard Tower
10:02 Guard Tower
10:21 Scout Tower
10:56 Scout Tower
11:32 Guard Tower
11:32 Guard Tower
11:32 Guard Tower
11:34 Arcane Tower
11:35 Arcane Tower
11:35 Arcane Tower
12:31 Scout Tower
12:33 Scout Tower
13:25 Arcane Tower
13:28 Castle
13:28 Castle
13:28 Castle
13:30 Arcane Sanctum
13:38 Workshop
14:43 Farm
14:44 Farm
14:46 Farm
14:49 Farm
15:47 Arcane Sanctum
15:49 Workshop
15:54 Barracks
16:26 Guard Tower
18:18 Scout Tower
18:19 Scout Tower
18:20 Scout Tower
18:21 Scout Tower
18:21 Scout Tower
18:50 Guard Tower
18:50 Guard Tower
18:52 Guard Tower
18:52 Guard Tower
18:53 Guard Tower
18:53 Guard Tower
18:53 Guard Tower
18:55 Guard Tower
18:55 Guard Tower
21:13 Farm
21:21 Farm
21:22 Guard Tower
21:22 Guard Tower
25:37 Town Hall
29:14 Town Hall
32:06 Town Hall
32:08 Scout Tower
32:09 Scout Tower
32:15 Scout Tower
32:43 Town Hall
33:35 Scout Tower
33:43 Scout Tower
33:49 Scout Tower
33:53 Scout Tower
33:56 Scout Tower
34:10 Guard Tower
34:10 Guard Tower
34:12 Guard Tower
34:12 Guard Tower
34:12 Guard Tower
34:23 Arcane Tower
34:23 Arcane Tower
34:23 Arcane Tower
34:26 Arcane Tower
34:26 Arcane Tower
34:27 Arcane Tower
34:40 Guard Tower
34:40 Guard Tower
34:41 Guard Tower
37:18 Town Hall
37:19 Scout Tower
37:19 Scout Tower
37:21 Scout Tower
37:22 Scout Tower
37:54 Arcane Tower
37:54 Arcane Tower
37:55 Guard Tower
37:55 Guard Tower
37:56 Guard Tower
37:56 Guard Tower
37:56 Guard Tower
» items
| Scroll of Regeneration | 4 | |
| Potion of Healing | 2 | |
| Mechanical Critter | 5 | |
| Scroll of Town Portal | 3 | |
| Potion of Mana | 1 | |
| Periapt of Vitality | 1 | |
| Circlet of Nobility | 1 | |
| Boots of Speed | 1 | |
| Staff of Sanctuary | 1 | |
| Orb of Fire | 1 | |
20 total

»
@@!@@ (
green | 11 APM | 7 actions | 00:39)
Chat log
(00:18 / All) vinamilk: dick head green
(00:23 / All) @@!@@: u have a hacker
(00:26 / All) @@!@@: not worth my time
(00:30 / All) GREEDlSGOOD: who's hacker
(00:35 / All) @@!@@: blue hacks
(00:35 / All) vinamilk: lol dumbass
(00:37 / All) @@!@@: later guys
(00:38 / All) GREEDlSGOOD: lol
(00:39 / All) GREEDlSGOOD: wtf
(00:42 / All) vinamilk: he is dumb
(00:43 / Allies) asite1563: i take
(00:49 / All) red_ey3: i hate everyone on this fucking server
(00:50 / All) IDEASMAN: 0-0
(00:55 / All) vinamilk: every fuking game has a problem
(01:00 / All) asite1563: he just randomly pick one
(01:05 / All) IDEASMAN: how can he have a history iwth me
(01:08 / All) IDEASMAN: this is new account lol
(01:08 / Allies) red_ey3: lets rush??
(01:19 / Allies) asite1563: ok
(01:33 / All) vinamilk: i hope bnet ban him forever
(01:37 / Allies) red_ey3: pink you down to rush?
(01:45 / Allies) GREEDlSGOOD: let's all cc bottom?
(01:52 / Allies) red_ey3: yup
(02:02 / Allies) asite1563: someone else play them then for cc
(02:15 / Allies) red_ey3: idk why he said cc
(02:18 / Allies) red_ey3: but he pointed to them
(02:22 / All) IDEASMAN: how did he have @@!@@ name
(02:23 / Allies) GREEDlSGOOD: ?
(02:25 / Allies) red_ey3: so im taking that as a rush
(02:50 / All) Dictator: use ASCII to register name
(03:02 / All) IDEASMAN: but that's fucking illegal
(04:31 / Allies) asite1563: gogo
(05:05 / Allies) red_ey3: wait up kids
(05:27 / Allies) asite1563: go
(05:29 / Allies) red_ey3: goggoo
(07:27 / All) asite1563: gg
(07:57 / Allies) asite1563: who does not have army
(08:04 / Allies) red_ey3: meh
(08:09 / Allies) red_ey3: teching frost
(08:13 / Allies) asite1563: fuck u
(08:17 / Allies) red_ey3: how so
(08:39 / Allies) red_ey3: wanna play it?
(08:42 / Allies) GREEDlSGOOD: yeah
(12:47 / Allies) GREEDlSGOOD: ?
(12:55 / Allies) red_ey3: i need amine
(13:29 / Allies) red_ey3: wood me?
(13:32 / Allies) GREEDlSGOOD: don't have any
(13:44 / Allies) GREEDlSGOOD: I'm lumber starved too
(13:46 / Allies) GREEDlSGOOD: try to get a shredder
(14:08 / Allies) red_ey3: need a tp
(14:18 / Allies) red_ey3: ty
(14:29 / Allies) GREEDlSGOOD: tell me if you need gold, I got spare but no lumber to use it lol
(14:39 / Allies) red_ey3: lol
(15:17 / Allies) red_ey3: too many units to macro and micro
(15:18 / Allies) red_ey3: omfg
(15:22 / All) IDEASMAN: do you know what im good at? GOOD AT IDEAS , my friend
(15:25 / Allies) GREEDlSGOOD: yeah no kidding
(16:41 / Allies) GREEDlSGOOD: hit expo first maybe?
(16:46 / Allies) red_ey3: nah
(16:48 / Allies) red_ey3: big or nothing
(16:51 / Allies) red_ey3: we lost soon
(16:52 / Allies) GREEDlSGOOD: k
(17:38 / All) IDEASMAN: LEEROY JENKINS
(18:07 / Allies) GREEDlSGOOD: omw to hit again
(18:27 / All) IDEASMAN: OH MY GOD TANKS
(19:54 / Allies) red_ey3: think we lost lmao
(20:00 / Allies) GREEDlSGOOD: yeah not sure we got this
(20:02 / Allies) GREEDlSGOOD: at least we put up a fight
(20:12 / Allies) red_ey3: wait till they hit
(21:10 / Allies) red_ey3: ill tp to you when they hit you
(21:11 / Allies) red_ey3: stay b
(21:18 / Allies) GREEDlSGOOD: kk
(21:50 / Allies) red_ey3: gold me?
(22:03 / Allies) GREEDlSGOOD: help
(22:16 / All) IDEASMAN: red tk?
(24:25 / Allies) red_ey3: im outta gold
(24:26 / Allies) red_ey3: fuck it
(24:27 / Allies) GREEDlSGOOD: same
(24:31 / All) red_ey3: gg cant play 3 people
(25:33 / All) IDEASMAN: die tk!
(26:14 / All) IDEASMAN: DIE TK MUTHA FUCKA
(26:28 / All) IDEASMAN: WANT SOME GET SOME
(27:53 / All) IDEASMAN: U REALLY WANNA FUCK WITH ME?
(28:03 / All) IDEASMAN: HUH
(28:04 / All) IDEASMAN: HUH
(28:05 / All) IDEASMAN: NO
(28:08 / All) IDEASMAN: I REALLY DONT THINK SO
(28:41 / All) IDEASMAN: fuck u tk!
(28:52 / All) GREEDlSGOOD: you had a tker on your team blue?
(28:57 / All) IDEASMAN: yeAH!
(29:00 / All) IDEASMAN: RED KILLED MY HERO!
(29:06 / All) GREEDlSGOOD: what a little bitch
(29:07 / All) IDEASMAN: NOW YOZSHURA IS BACK FOR REVENGE
(29:09 / All) GREEDlSGOOD: all bitches this game man
(29:15 / All) Forthewatch: that was after you killed our base
(29:23 / All) IDEASMAN: WRONG
(29:25 / All) vinamilk: blue and pink same shit head
(29:33 / All) GREEDlSGOOD: ?
(30:10 / All) IDEASMAN: U CAN RUN
(30:14 / All) IDEASMAN: BUT YOU MOST CERTAINLY CANT HIDE!
(30:26 / All) IDEASMAN: JUSTICE COMES FOR YOU!
(30:45 / All) vinamilk: faggot u will pay back next ga,e
(30:53 / All) IDEASMAN: DOUBT IT LOL
(31:21 / All) vinamilk: lol dumbass
(31:24 / All) vinamilk: lol
(31:30 / All) IDEASMAN: I could have kilt it all
(31:34 / All) vinamilk: u look like my dog
(31:38 / All) IDEASMAN: but I respect them too much
(31:53 / All) vinamilk: lol just a fuking human with dog brain blue
(32:01 / All) vinamilk: all i can say
(32:08 / All) IDEASMAN: SHOULDNT HAVE TKED
(32:12 / All) IDEASMAN: THEN NONE OF THIS OWULD HAVE HAPPENED
(32:39 / All) IDEASMAN: bad place to tp
(32:43 / All) IDEASMAN: HAHA
(32:50 / All) IDEASMAN: I bring you a gift
(33:15 / All) IDEASMAN: here
(33:17 / All) IDEASMAN: a token of my respect
(33:30 / All) GREEDlSGOOD: ty blue
(33:34 / All) vinamilk: i want to shit on ur face blue
(33:41 / All) IDEASMAN: you have issues
(33:44 / All) IDEASMAN: that's really kinky
(34:01 / All) vinamilk: don't care how much time the game will end
(34:27 / All) vinamilk: i go watch blue's mom porno with black guy
(34:31 / All) vinamilk: have fun
(35:33 / All) IDEASMAN: come attack teal and yellow base
(35:38 / All) GREEDlSGOOD: kk
(35:38 / All) IDEASMAN: sup
(35:59 / All) GREEDlSGOOD: thought this game would be shit at the start
(36:03 / All) GREEDlSGOOD: but actually turned out pretty good
(36:08 / All) IDEASMAN: good chat
(37:06 / All) IDEASMAN: too bad purple left
(38:00 / All) vinamilk: just stay and waste time
(38:03 / All) vinamilk: faggot
(38:10 / All) IDEASMAN: talking to yourself?
(38:16 / All) GREEDlSGOOD: gg noobs
(38:23 / All) vinamilk: talk to ur mom
(38:26 / All) vinamilk: she is a whore
(38:32 / All) vinamilk: gg ?
(38:38 / All) vinamilk: kill all then gg
(38:48 / All) GREEDlSGOOD: Red;s mom is scuking my dick while I kill teals base
(38:55 / All) GREEDlSGOOD: great slut
(39:31 / All) vinamilk: little slave
(39:40 / All) GREEDlSGOOD: red's mom is my slave
(40:14 / All) IDEASMAN: teal won't go without a fight
(40:24 / All) IDEASMAN: he's got peasants on the run from the law
(40:26 / All) IDEASMAN: building farms
(40:57 / All) GREEDlSGOOD: lol
(41:00 / All) GREEDlSGOOD: he's suiciding his peasants
(41:20 / All) IDEASMAN: Guess he wants a hero
(41:29 / All) IDEASMAN: FOR ME TO POOP ON
(42:30 / All) IDEASMAN: farms at tavern
(42:43 / All) IDEASMAN: spar ethem
(42:44 / All) IDEASMAN: for a second
(42:49 / All) IDEASMAN: aw
(42:50 / All) IDEASMAN: too alte
(42:50 / All) GREEDlSGOOD: oops
(42:52 / All) GREEDlSGOOD: too much damage
(43:01 / All) GREEDlSGOOD: moved my units but still died
(43:15 / All) IDEASMAN: was gonna say you could just end game at your leisure
(43:38 / All) IDEASMAN: bottom left corner is my last tower
(43:41 / All) IDEASMAN: you can end when you awnt
(43:54 / All) GREEDlSGOOD: k